 Dungeon Crawl Stone Soup version 0.27-a0-920-gb2bd10914a (webtiles) character file.

Game seed: 13868203525737124289

8866 robertstho the Thaumaturge (level 11, 0/103 HPs)
             Began as a Djinni Fire Elementalist on Apr 9, 2021.
             Was a Priest of Makhleb.
             Slain by a wraith (9 damage)
             ... led by Josephine
             ... on level 10 of the Dungeon.
             The game lasted 00:22:13 (14691 turns).

robertstho the Thaumaturge (DjFE)                  Turns: 14691, Time: 00:22:14

Health: 0/103      AC:  6    Str:  7    XL:     11   Next: 37%
Gold:   416        EV: 14    Int: 20    God:    Makhleb [***...] SH:  0 Dex: 18

rFire    + + +     SeeInvis .   C - +2 falchion (holy)
rCold    x x .     Faith    .   (no shield)
rNeg     . . .     Spirit   .   o - +2 robe {rF+}
rPois    ∞         Reflect  .   (no helmet)
rElec    .         Harm     .   f - +0 cloak
rCorr    .         Rampage  .   s - +0 pair of gloves
Will     +....                  (boots unavailable)
Stlth    ..........             i - amulet "Cetin" {RegenMP Dex+4}
HPRegen  0.27/turn              b - +4 ring of slaying
MPRegen  0.00/turn              y - ring of fire

@: berserking, flying, slowed
A: fire resistance 2, cold vulnerability 1, float, innate caster, hp casting,
extra vitality 1
a: Renounce Religion, Minor Destruction, Lesser Servant of Makhleb


You were on level 10 of the Dungeon.
You worshipped Makhleb.
Makhleb was most pleased with you.
You visited 2 branches of the dungeon, and saw 11 of its levels.
You also visited: Bailey.

You collected 572 gold pieces.
You spent 156 gold pieces at shops.

Inventory:

Hand Weapons
 c - a +0 dagger
 m - a +1 spear of venom
 C - a +2 falchion of holy wrath (weapon)
Missiles
 w - 11 throwing nets
 H - a curare-tipped dart
Armour
 f - a +0 cloak (worn)
 o - a +2 robe of fire resistance (worn)
 s - a +0 pair of gloves (worn)
Jewellery
 b - a +4 ring of slaying (left hand)
 i - the amulet "Cetin" (around neck) {RegenMP Dex+4}
   (You bought it in a shop on level 3 of the Dungeon)

   [amulet of magic regeneration]

   It increases your rate of magic regeneration.
   It affects your dexterity (+4).
 y - a ring of fire (right hand)
 A - a ring of protection from cold
Wands
 d - a wand of mindburst (13)
 t - a wand of charming (5)
 D - a wand of acid (12)
 F - a wand of paralysis (18)
Scrolls
 a - a scroll of enchant armour {unknown}
 e - 2 scrolls of noise {unknown}
 g - a scroll of enchant weapon {unknown}
 k - a scroll of immolation {unknown}
 q - 2 scrolls of magic mapping
 r - 3 scrolls of fog
 u - a scroll of blinking
 v - 2 scrolls of summoning {unknown}
 z - a scroll of vulnerability {unknown}
 E - 2 scrolls of torment {unknown}
 I - a scroll of identify
Potions
 h - a potion of mutation {unknown}
 j - 6 potions of curing
 n - a potion of brilliance
 p - 3 potions of cancellation
 B - a potion of invisibility {unknown}
 G - 2 potions of haste {unknown}
Miscellaneous
 x - a condenser vane (inert)


   Skills:
 + Level 2.4 Fighting
 + Level 2.0 Short Blades
 + Level 1.7 Polearms
 + Level 4.5 Dodging
 + Level 5.0 Stealth
 + Level 11.9 Spellcasting
 * Level 6.4 Invocations
 + Level 0.4 Evocations


You had 3 spell levels left.
You knew the following spells:

 Your Spells              Type           Power      Damage    Failure   Level
a - Foxfire               Conj/Fire      100%       2x1d9     1%          1
b - Conjure Flame         Conj/Fire      74%        6-21      1%          3
c - Inner Flame           Hex/Fire       74%        N/A       1%          3
d - Sticky Flame          Conj/Fire      74%        2d9       1%          4
e - Fireball              Conj/Fire      37%        3d15      1%          5
f - Sting                 Tmut/Pois      100%       1d8       1%          1
g - Poisonous Vapours     Pois/Air       100%       N/A       1%          2
h - Wereblood             Tmut           56%        N/A       1%          2
i - Passage of Golubria   Tloc           N/A        N/A       1%          4
j - Bolt of Magma         Conj/Fire/Erth 37%        4d16      1%          5
Your spell library was empty.

Dungeon Overview and Level Annotations

Branches:
Dungeon (10/15)            Temple (1/1) D:5          Bailey (visited)
   Lair: D:8-11         Orc: D:9-12

Altars:
Ashenzari
Cheibriados
Dithmenos
Elyvilon
Fedhas
Gozag
Hepliaklqana
Kikubaaqudgha
Makhleb
Nemelex Xobeh
Okawaru
Qazlal
Sif Muna
Uskayaw
Vehumet
Wu Jian
Xom
Zin
The Shining One

Shops:
D:2 (   D:3 *

Annotations:
D:3 100 amulet
D:6 4 runed translucent doors
D:9 3 runed translucent doors, Drazool's ghost, journeyman DECj; Faron's ghost, novice TrFi


Innate Abilities, Weirdness & Mutations

You are immune to poison.
Your flesh is very heat resistant. (rF++)
You are vulnerable to cold. (rC-)
You float through the air rather than walking.
You learn spells naturally, not from books.
Your magical power is your life essence.
You have superior vitality. (+4 HP)


Message History

You hit the wraith but do no damage.
The wraith is severely damaged.
The wraith hits you.
* * * LOW HITPOINT WARNING * * *
The wraith drains your vigour!
You feel as though you will be slow longer.
You hit the wraith.
The wraith convulses.
The wraith is almost destroyed.
The wraith closely misses you.
You riposte.
You completely miss the wraith.
The wraith is almost destroyed.
The wraith hits you but does no damage.
You barely miss the wraith.
The wraith is almost destroyed.
The wraith barely misses you.
You riposte.
You hit the wraith but do no damage.
The wraith is almost destroyed.
The wraith closely misses you.
You hit the wraith but do no damage.
The wraith is almost destroyed.
The wraith completely misses you. The wraith barely misses you.
You barely miss the wraith.
The wraith is almost destroyed.
The wraith closely misses you. The wraith hits you.
* * * LOW HITPOINT WARNING * * *
The wraith drains your vigour!
You feel as though you will be slow longer.
You hit the wraith but do no damage.
The wraith is almost destroyed.
The wraith hits you!
* * * LOW HITPOINT WARNING * * *
The wraith closely misses you.
A red film seems to cover your vision as you go berserk!
You feel yourself moving faster!
You feel mighty! The wraith hits you.
* * * LOW HITPOINT WARNING * * *
You hit the wraith but do no damage.
The wraith is almost destroyed.
The wraith closely misses you.
You closely miss the wraith.
The wraith is almost destroyed.
The wraith hits you!
You die...

#############.#
#/....W@.......
#.##<########.#
#.#.# ..# #.#
...# ## ###. #


You could see a wraith.

Vanquished Creatures
  Josephine (D:9)
  Harold (D:8)
  2 orc knights (Bailey)
  Psyche (D:8)
  2 trolls
  Sigmund (D:2)
  4 wraiths
  Eustachio (D:4)
  2 wyverns
  3 steam dragons
  Menkaure (D:4)
  2 water moccasins
  6 orc warriors
  2 necrophages (D:6)
  A sky beast (D:7)
  An ice beast (D:4)
  6 ogres
  3 centaurs
  2 gnoll sergeants (D:6)
  A kobold brigand (D:9)
  3 bullfrogs
  Blork the orc (D:4)
  5 scorpions
  4 howler monkeys
  2 centaur zombies
  A bullfrog zombie (D:6)
  3 hounds (D:6)
  4 gnoll shamans
  5 orc priests
  Crazy Yiuf (D:4)
  A centaur skeleton (D:6)
  5 jellies
  2 iguanas (D:6)
  Ijyb (D:4)
  12 orc wizards
  2 killer bee zombies
  19 gnolls
  A howler monkey skeleton (D:5)
  6 adders
  A white imp (D:8)
  An ufetubus (D:6)
  An adder skeleton (D:4)
  4 dart slugs
  38 orcs
  8 ball pythons
  4 bats
  4 endoplasms
  4 giant cockroaches
  11 goblins
  12 hobgoblins
  6 jackals
  18 kobolds
  2 quokkas (D:4)
  6 frilled lizards
  4 rats
245 creatures vanquished.

Vanquished Creatures (others)
  294 foxfires
294 creatures vanquished.

Grand Total: 539 creatures vanquished

Notes
Turn   | Place    | Note
-------+----------+-------------------------------------------
     0 | D:1      | robertstho the Djinni Fire Elementalist began the quest for
                  | the Orb.
     0 | D:1      | Reached XP level 1. HP: 15/15 MP: 0/0
   176 | D:1      | Reached skill level 3 in Spellcasting
   250 | D:1      | Reached XP level 2. HP: 18/21 MP: 0/0
   704 | D:1      | Reached XP level 3. HP: 24/25 MP: 0/0
   704 | D:1      | Learned a level 1 spell: Sting
  1364 | D:2      | Found Zozuruipt's Antique Weapon Shop.
  1561 | D:2      | Found a faded altar of an unknown god.
  1573 | D:2      | Reached XP level 4. HP: 28/31 MP: 0/0
  1750 | D:2      | Noticed Sigmund
  1767 | D:2      | Reached skill level 4 in Spellcasting
  2150 | D:2      | Killed Sigmund
  2151 | D:2      | Reached skill level 5 in Spellcasting
  2151 | D:2      | Reached XP level 5. HP: 25/35 MP: 0/0
  2151 | D:2      | Learned a level 2 spell: Poisonous Vapours
  2151 | D:2      | Reached XP level 6. HP: 28/40 MP: 0/0
  2394 | D:3      | Found Kuah's Assorted Antiques.
  3483 | D:4      | Noticed Eustachio
  3497 | D:4      | Killed Eustachio
  3498 | D:4      | Reached skill level 6 in Spellcasting
  3498 | D:4      | Reached XP level 7. HP: 12/46 MP: 0/0
  3498 | D:4      | Learned a level 2 spell: Wereblood
  3760 | D:4      | Noticed Ijyb
  3767 | D:4      | Killed Ijyb
  4016 | D:4      | Noticed Blork the orc
  4027 | D:4      | Killed Blork the orc
  4361 | D:3      | Bought a coppery potion for 18 gold pieces
  4361 | D:3      | Bought a scroll labelled OGHAIVOHER for 20 gold pieces
  4361 | D:3      | Bought a slimy tin amulet for 100 gold pieces
  4361 | D:3      | Identified the amulet "Cetin" {RegenMP Dex+4} (You bought
                  | it in a shop on level 3 of the Dungeon)
  4361 | D:3      | Bought a bubbling purple potion for 18 gold pieces
  4525 | D:4      | Noticed Menkaure
  4527 | D:4      | Killed Menkaure
  4750 | D:4      | Reached skill level 7 in Spellcasting
  4750 | D:4      | Reached XP level 8. HP: 40/51 MP: 0/0
  4756 | D:4      | Reached skill level 1 in Fighting
  5018 | D:4      | Found a stormy altar of Qazlal.
  5385 | D:4      | Found a runed translucent door.
  5386 | D:4      | Noticed Crazy Yiuf
  5702 | D:4      | Killed Crazy Yiuf
  5754 | D:5      | Entered Level 5 of the Dungeon
  5909 | D:5      | Reached skill level 1 in Short Blades
  6452 | D:5      | Found a shadowy altar of Dithmenos.
  6491 | D:5      | Found a staircase to the Ecumenical Temple.
  6818 | Temple   | Entered the Ecumenical Temple
  6930 | Temple   | Became a worshipper of Makhleb the Destroyer
  7039 | D:6      | Reached skill level 8 in Spellcasting
  7051 | D:6      | Reached skill level 1 in Invocations
  7649 | D:6      | Reached XP level 9. HP: 22/57 MP: 0/0
  7649 | D:6      | Learned a level 4 spell: Passage of Golubria
  7953 | D:6      | Found a blossoming altar of Fedhas.
  8043 | D:6      | Found an iron altar of Okawaru.
  8054 | D:6      | Identified the +9 mace "Tameg" {freeze, *Corrode rF- Int+8
                  | Dex+2}
  8208 | D:6      | Found a large runed translucent door.
  8208 | D:6      | Found a large runed translucent door.
  8219 | D:6      | Noticed a skeletal warrior
  8531 | D:6      | Noticed a troll
  8537 | D:6      | Killed a troll
  8538 | D:6      | Reached skill level 9 in Spellcasting
  8649 | D:6      | Reached * piety under Makhleb
  9327 | D:6      | Found a large runed translucent door.
  9327 | D:6      | Found a large runed translucent door.
  9754 | D:7      | Found a flagged portal.
  9769 | Bailey   | Entered a bailey
  9959 | Bailey   | Noticed an orc knight
  9960 | Bailey   | Noticed an orc knight
 10192 | Bailey   | Reached XP level 10. HP: 58/64 MP: 0/0
 10249 | Bailey   | Reached ** piety under Makhleb
 10257 | Bailey   | Killed an orc knight
 10258 | Bailey   | Reached skill level 1 in Polearms
 10258 | Bailey   | Reached skill level 10 in Spellcasting
 10636 | Bailey   | Killed an orc knight
 11724 | D:7      | Reached skill level 5 in Invocations
 12449 | D:8      | Reached *** piety under Makhleb
 12537 | D:8      | Identified the +4 ring mail of Tuigiw {rPois Will++ Regen+
                  | Slay-4}
 12626 | D:8      | Noticed Harold
 12632 | D:8      | Killed Harold
 12633 | D:8      | Reached skill level 11 in Spellcasting
 12633 | D:8      | Noticed Psyche
 12642 | D:8      | Killed Psyche
 12643 | D:8      | Reached XP level 11. HP: 40/69 MP: 0/0
 12643 | D:8      | Learned a level 5 spell: Bolt of Magma
 12947 | D:8      | Found a broken altar of Ashenzari.
 13301 | D:9      | Found a runed translucent gate.
 13301 | D:9      | Found a runed translucent gate.
 13301 | D:9      | Found a runed translucent gate.
 13306 | D:9      | Noticed Drazool's ghost (journeyman DECj)
 13306 | D:9      | Noticed Faron's ghost (novice TrFi)
 13839 | D:9      | Found a sparkling altar of Nemelex Xobeh.
 14193 | D:10     | Entered Level 10 of the Dungeon
 14193 | D:10     | Noticed Josephine
 14207 | D:9      | Killed Josephine
 14208 | D:9      | Reached skill level 5 in Stealth
 14691 | D:10     | Slain by a wraith

Illustrated notes

Levels and vault maps discovered:
D:1:      dpeg_arrival_chambers_temple_mockup, layout_loops_ring
D:2:      layout_basic, serial_shops, nicolae_shop_trees,
          basic_ecumenical_altar, chequers_serial_rivers_marsh, uniq_sigmund
D:3:      layout_basic, general_overflow_altar, serial_shops, shop
D:4:      layout_loops_cross, nicolae_qazlal_general_emergency, minmay_cut_off,
          uniq_ijyb, uniq_eustachio, uniq_crazy_yiuf_cottage,
          uniq_blork_the_orc, uniq_menkaure
D:5:      layout_basic, lemuel_tele_altar, minmay_temple_entry_trees,
          serial_glass, glass_columns_b, glass_columns_a, glass_columns_c
D:6:      layout_cave_pools, lemuel_doored_altar, okawaru_ov_weapons_minmay,
          serial_gnoll_camp, gnoll_camp_mini_hut, gnoll_camp_medium_02,
          gnoll_camp_mini_loothouse, gnoll_camp_mini_hut,
          minmay_hollow_rounded_squares, uniq_grinder
D:7:      layout_cave_pools, enter_bailey_5, minivault_26
D:8:      layout_loops_cross, lemuel_coloured_pillars_altar, uniq_psyche,
          uniq_harold
D:9:      layout_layer_cave, kennysheep_mini_moat, gammafunk_ghost_cemetery,
          chequers_serial_rivers_large_a
D:10:     layout_loops_ring, chequers_temple_overflow_statue_of_worship,
          uniq_josephine
Temple:   oiseaux_autumnal_temple

Skill      XL: |  1  2  3  4  5  6  7  8  9 10 11 |
---------------+----------------------------------+-----
Spellcasting   | 3 5 6 7 8 9 11 | 11.9
Stealth        | 2 3 4 5 |  5.0
Dodging        | 3 4 |  4.5
Fighting       | 1 2 |  2.4
Short Blades   | 1 2 |  2.0
Invocations    | 1 4 5 6 |  6.4
Polearms       | 1 |  1.7
Evocations     | |  0.4

Action                   |  1- 3 |  4- 6 |  7- 9 | 10-12 || total
-------------------------+-------+-------+-------+-------++-------
Melee: Dagger            |       |     1 |    15 |       ||    16
       Spear             |       |       |    10 |     6 ||    16
       Falchion          |       |       |       |    23 ||    23
 Cast: Foxfire           |    63 |    69 |    39 |     1 ||   172
       Sticky Flame      |       |     1 |    29 |     7 ||    37
       Fireball          |       |       |    74 |    94 ||   168
Evoke: Wand              |       |       |     2 |       ||     2
       Condenser vane    |       |       |       |     1 ||     1
  Use: Potion            |       |       |     6 |     3 ||     9
       Scroll            |       |       |     8 |     3 ||    11
 Stab: Sleeping          |       |       |     1 |       ||     1
Armor: Robe              |       |       |     9 |    17 ||    26
Dodge: Dodged            |     1 |     6 |    42 |    43 ||    92
       Rpst.: Falchion   |       |       |       |     8 ||     8

Table legend: (Time is in decaauts)
 A = Elapsed time spent in this place.
 B = Non-inter-level travel time spent in this place.
 C = Inter-level travel time spent in this place.
 D = Time resting spent in this place.
 E = Time spent auto-exploring this place.
 F = Levels seen in this place.
 G = Mean time per level.
                   A        B        C        D        E       F      G
               +--------+--------+--------+--------+--------+-----+--------+
         Total |  14725 |  14110 |    615 |   3626 |   9056 |  12 | 1227.1 |
       Dungeon |  13435 |  12846 |    589 |   3100 |   8438 |  10 | 1343.5 |
        Temple |    137 |    112 |     25 |      0 |    105 |   1 |  137.0 |
        Bailey |   1151 |   1151 |      0 |    526 |    513 |   1 | 1151.0 |
               +--------+--------+--------+--------+--------+-----+--------+

Top non-repeatable levels by time:
     D:4: 2180 daAuts
     D:6: 2054 daAuts
     D:5: 1797 daAuts
     D:9: 1588 daAuts
     D:1: 1261 daAuts
     D:3: 1185 daAuts
  Bailey: 1151 daAuts
     D:2: 1128 daAuts
     D:7: 1115 daAuts
     D:8: 1074 daAuts
  Temple: 137 daAuts
    D:10: 50 daAuts
